TOP OF THE 1ST |
Everett AquaSox batting - Pitching for Connecticut Tigers : RHP Chris Wilkerson
|
Pitching: RHP Chris Wilkerson
|
|
Batting: SHB Tony Morales
|
0-0: Ball 1-0: Called Strike 1-1: Swinging Strike 1-2: Strikes out swinging
|
Batting: RHB Jose Zuniga
|
0-0: Ball 1-0: Swinging Strike 1-1: Foul Ball, location: 2F 1-2: Foul Ball, location: 2F 1-2: Strikes out swinging
|
Batting: LHB Chris Jackson
|
0-0: Called Strike 0-1: Foul Ball, location: 2F 0-2: Ball 1-2: Foul Ball, location: 2F 1-2: Ball 2-2: Ball 3-2: Foul Ball, location: 2F 3-2: Foul Ball, location: 2F 3-2: Base on Balls
|
Batting: LHB William Gonzales
|
0-0: Ground out 4-3 (Groundball, 34D, EV 86.9 MPH)
|
Top of the 1st over - 0 runs, 0 hits, 0 errors, 1 left on base; Everett 0 - Connecticut 0 |
BOTTOM OF THE 1ST |
Connecticut Tigers batting - Pitching for Everett AquaSox : RHP Kevin Stodart
|
Pitching: RHP Kevin Stodart
|
|
Batting: RHB Janne Vihko
|
0-0: Ball 1-0: SINGLE (Groundball, 34D, EV 97.5 MPH)
|
Batting: SHB Ian Arlotta
|
0-0: Ball 1-0: Called Strike 1-1: Fielders Choice at 2nd, 3-6 (Groundball, 3, EV 93.1 MPH)
|
Batting: RHB Jaden Warrior
|
0-0: SINGLE (Groundball, 34D, EV 101.2 MPH) Ian Arlotta to second Runner from 2nd tries for 3rd, SAFE, throw by RF made to third
|
Now in RF: Ryan Daniels
|
|
Batting: LHB Afanasy Zasekin
|
0-0: Ball Wild Pitch! Ian Arlotta scores Jaden Warrior to second 1-0: Ball 2-0: Called Strike 2-1: Ball 3-1: TRIPLE (Flyball, 78XD, EV 105.0 MPH) Jaden Warrior scores
|
Batting: RHB Jeremiah Washington
|
0-0: Foul Ball, location: 2F 0-1: Ball 1-1: Called Strike 1-2: Ground out 6-3 (Groundball, 6, EV 85.6 MPH) Afanasy Zasekin scores
|
Batting: LHB Antonio Luis
|
0-0: Ball 1-0: Called Strike 1-1: Ball 2-1: Ball 3-1: Base on Balls
|
Batting: RHB Yankel Pensak
|
0-0: Called Strike 0-1: Fly out, F9 (Flyball, 89M, EV 96.9 MPH)
|
Bottom of the 1st over - 3 runs, 3 hits, 0 errors, 1 left on base; Everett 0 - Connecticut 3 |
TOP OF THE 2ND |
Everett AquaSox batting - Pitching for Connecticut Tigers : RHP Chris Wilkerson
|
Batting: RHB Heihachiro Fujita
|
0-0: Swinging Strike 0-1: Foul Ball, location: 2F 0-2: Foul Ball, location: 2F 0-2: Foul Ball, location: 2F 0-2: Ball 1-2: Strikes out swinging
|
Batting: RHB Eddie Luna
|
0-0: Fly out, F7 (Flyball, 7S, EV 91.2 MPH)
|
Batting: RHB Doug Carter
|
0-0: Ball 1-0: Ball 2-0: Called Strike 2-1: Foul Ball, location: 2F 2-2: Foul Ball, location: 2F 2-2: Ground out 3-1 (Groundball, 34, EV 88.8 MPH)
|
Top of the 2nd over - 0 runs, 0 hits, 0 errors, 0 left on base; Everett 0 - Connecticut 3 |
BOTTOM OF THE 2ND |
Connecticut Tigers batting - Pitching for Everett AquaSox : RHP Kevin Stodart
|
Batting: LHB Tokugoro Adachi
|
0-0: Ball 1-0: Foul Ball, location: 2F 1-1: Foul Ball, location: 2F 1-2: Ball 2-2: Ball 3-2: Hit by Pitch
|
Batting: RHB Kaleb Yerger
|
0-0: Foul Ball, location: 2F 0-1: Called Strike 0-2: Ball 1-2: Ball 2-2: Fielders Choice at 2nd, 6-4 (Groundball, 6, EV 89.4 MPH)
|
Batting: RHB Janne Vihko
|
0-0: Foul Ball, location: 2F 0-1: Hit by Pitch Kaleb Yerger to second
|
Batting: SHB Ian Arlotta
|
0-0: Ball 1-0: Ball 2-0: Ball 3-0: Base on Balls Kaleb Yerger to third Janne Vihko to second
|
Batting: RHB Jaden Warrior
|
0-0: Foul Ball, location: 2F 0-1: Ball 1-1: Ball 2-1: Swinging Strike 2-2: Ball 3-2: Foul Ball, location: 2F 3-2: Base on Balls Kaleb Yerger scores Janne Vihko to third Ian Arlotta to second
|
Batting: LHB Afanasy Zasekin
|
0-0: Called Strike 0-1: Ball 1-1: SINGLE (Line Drive, 9S, EV 92.5 MPH) Janne Vihko scores Ian Arlotta to third Jaden Warrior to second Runner from 3rd tries for Home, SAFE, throw by RF to home
|
Pitching: RHP Aaron Black
|
|
Batting: RHB Jeremiah Washington
|
0-0: Called Strike 0-1: Fielders Choice at 2nd, 4-6 (Groundball, 4, EV 89.4 MPH) Jaden Warrior to third
|
Batting: LHB Antonio Luis
|
0-0: Ball 1-0: Fly out, F7 (Flyball, 7D, EV 99.4 MPH)
|
Bottom of the 2nd over - 3 runs, 1 hit, 0 errors, 2 left on base; Everett 0 - Connecticut 6 |
TOP OF THE 3RD |
Everett AquaSox batting - Pitching for Connecticut Tigers : RHP Chris Wilkerson
|
Batting: RHB Omar Solis
|
0-0: Ball 1-0: Ball 2-0: Called Strike 2-1: Foul Ball, location: 2F 2-2: Foul Ball, location: 2F 2-2: DOUBLE (Line Drive, 7LS, EV 106.9 MPH)
|
Batting: RHB James Bickel
|
0-0: Called Strike 0-1: Swinging Strike 0-2: Strikes out swinging
|
Batting: SHB Tony Morales
|
0-0: Called Strike 0-1: Ground out 5-3 (Groundball, 56S, EV 68.1 MPH) Omar Solis to third
|
Batting: LHB Ryan Daniels
|
0-0: Foul Ball, location: 2F 0-1: Foul Ball, location: 2F 0-2: Ball 1-2: Ball 2-2: Strikes out swinging
|
Top of the 3rd over - 0 runs, 1 hit, 0 errors, 1 left on base; Everett 0 - Connecticut 6 |
BOTTOM OF THE 3RD |
Connecticut Tigers batting - Pitching for Everett AquaSox : RHP Aaron Black
|
Batting: RHB Yankel Pensak
|
0-0: Fly out, F7 (Flyball, 7D, EV 97.5 MPH)
|
Batting: LHB Tokugoro Adachi
|
0-0: Called Strike 0-1: Ball 1-1: TRIPLE (Flyball, 89XD, EV 96.9 MPH)
|
Batting: RHB Kaleb Yerger
|
0-0: Ball 1-0: Ball 2-0: Foul Ball, location: 2F 2-1: Ball 3-1: Foul Ball, location: 2F 3-2: Foul Ball, location: 2F 3-2: Strikes out swinging
|
Batting: RHB Janne Vihko
|
0-0: Swinging Strike 0-1: Called Strike 0-2: Strikes out swinging
|
Bottom of the 3rd over - 0 runs, 1 hit, 0 errors, 1 left on base; Everett 0 - Connecticut 6 |
TOP OF THE 4TH |
Everett AquaSox batting - Pitching for Connecticut Tigers : RHP Chris Wilkerson
|
Batting: LHB Chris Jackson
|
0-0: Ball 1-0: Ball 2-0: Ball 3-0: Base on Balls
|
Batting: LHB William Gonzales
|
0-0: Called Strike Chris Jackson is caught stealing 2nd base 2-6 0-1: Ball 1-1: Ground out 4-3 (Groundball, 4, EV 86.2 MPH)
|
Batting: RHB Heihachiro Fujita
|
0-0: Called Strike 0-1: Ball 1-1: Swinging Strike 1-2: Fly out, F7 (Line Drive, 7S, EV 105.0 MPH)
|
Top of the 4th over - 0 runs, 0 hits, 0 errors, 0 left on base; Everett 0 - Connecticut 6 |
BOTTOM OF THE 4TH |
Connecticut Tigers batting - Pitching for Everett AquaSox : RHP Aaron Black
|
Batting: SHB Ian Arlotta
|
0-0: Called Strike 0-1: Ball 1-1: Ball 2-1: Ball 3-1: Called Strike 3-2: Foul Ball, location: 2F 3-2: Base on Balls
|
Batting: RHB Jaden Warrior
|
0-0: Foul Ball, location: 2F 0-1: Fielders Choice at 2nd, 5-4 (Groundball, 5, EV 89.4 MPH)
|
Batting: LHB Afanasy Zasekin
|
0-0: Ball 1-0: Ball 2-0: Swinging Strike 2-1: Fielders Choice at 2nd, 4-6 (Groundball, 34S, EV 83.8 MPH)
|
Batting: RHB Jeremiah Washington
|
0-0: Ball 1-0: Fly out, F8 (Line Drive, 8RM, EV 98.8 MPH)
|
Bottom of the 4th over - 0 runs, 0 hits, 0 errors, 1 left on base; Everett 0 - Connecticut 6 |
TOP OF THE 5TH |
Everett AquaSox batting - Pitching for Connecticut Tigers : RHP Chris Wilkerson
|
Batting: RHB Eddie Luna
|
0-0: Called Strike 0-1: Swinging Strike 0-2: Ball 1-2: Strikes out looking
|
Batting: RHB Doug Carter
|
0-0: Ground out U3 (Groundball, 34, EV 89.4 MPH)
|
Batting: RHB Omar Solis
|
0-0: Ball 1-0: Foul Ball, location: 2F 1-1: Swinging Strike 1-2: Foul Ball, location: 2F 1-2: Ball 2-2: Strikes out swinging
|
Top of the 5th over - 0 runs, 0 hits, 0 errors, 0 left on base; Everett 0 - Connecticut 6 |
BOTTOM OF THE 5TH |
Connecticut Tigers batting - Pitching for Everett AquaSox : RHP Aaron Black
|
Batting: LHB Antonio Luis
|
0-0: Ball 1-0: Ground out 5-3 (Groundball, 6, EV 96.2 MPH)
|
Batting: RHB Yankel Pensak
|
0-0: Called Strike 0-1: Foul Ball, location: 2F 0-2: Ball 1-2: Ball 2-2: Ground out 4-3 (Groundball, 4, EV 89.4 MPH)
|
Batting: LHB Tokugoro Adachi
|
0-0: Called Strike 0-1: Foul Ball, location: 2F 0-2: Ball 1-2: Fly out, F4 (Line Drive, 4, EV 61.2 MPH)
|
Bottom of the 5th over - 0 runs, 0 hits, 0 errors, 0 left on base; Everett 0 - Connecticut 6 |
TOP OF THE 6TH |
Everett AquaSox batting - Pitching for Connecticut Tigers : RHP Chris Wilkerson
|
Batting: RHB James Bickel
|
0-0: Ball 1-0: SINGLE (Groundball, 56D, EV 95.6 MPH)
|
Batting: SHB Tony Morales
|
0-0: Fly out, F8 (Line Drive, 8LM, EV 94.4 MPH)
|
Batting: LHB Ryan Daniels
|
0-0: Foul Ball, location: 2F 0-1: Ball 1-1: Called Strike 1-2: Ground out U3 (Groundball, 3S, EV 71.9 MPH) James Bickel to second
|
Batting: LHB Chris Jackson
|
0-0: Foul Ball, location: 2F 0-1: Ball 1-1: Called Strike 1-2: Ball 2-2: Ball 3-2: Strikes out swinging
|
Top of the 6th over - 0 runs, 1 hit, 0 errors, 1 left on base; Everett 0 - Connecticut 6 |
BOTTOM OF THE 6TH |
Connecticut Tigers batting - Pitching for Everett AquaSox : RHP Aaron Black
|
Pitching: RHP Jim Tremel
|
|
Batting: RHB Kaleb Yerger
|
0-0: SOLO HOME RUN (Flyball, 78XD, EV 110.0 MPH), Distance : 435 ft
|
Batting: RHB Janne Vihko
|
0-0: Ball 1-0: Ground out 4-3 (Groundball, 34D, EV 103.1 MPH)
|
Batting: SHB Ian Arlotta
|
0-0: Ground out 3-1 (Groundball, 34S, EV 80.6 MPH)
|
Batting: RHB Jaden Warrior
|
0-0: Called Strike 0-1: Hit by Pitch
|
Batting: LHB Afanasy Zasekin
|
0-0: Ball 1-0: Swinging Strike 1-1: Fly out, F9 (Flyball, 9, EV 88.8 MPH)
|
Bottom of the 6th over - 1 run, 1 hit, 0 errors, 1 left on base; Everett 0 - Connecticut 7 |
TOP OF THE 7TH |
Everett AquaSox batting - Pitching for Connecticut Tigers : RHP Chris Wilkerson
|
Batting: LHB William Gonzales
|
0-0: Called Strike 0-1: Ball 1-1: Ball 2-1: Ball 3-1: Base on Balls
|
Batting: RHB Heihachiro Fujita
|
0-0: Swinging Strike 0-1: Foul Ball, location: 2F 0-2: Ball 1-2: Ball 2-2: Strikes out swinging
|
Pitching: RHP Andy Strange
|
|
Pinch Hitting: RHB Richie Schraven
|
0-0: Called Strike 0-1: Ball 1-1: Swinging Strike 1-2: Ball 2-2: Ball 3-2: Strikes out swinging
|
Batting: RHB Doug Carter
|
0-0: Ball Passed Ball! William Gonzales to second 1-0: Called Strike 1-1: Foul Ball, location: 2F 1-2: Ground out 5-3 (Groundball, 56, EV 79.4 MPH)
|
Top of the 7th over - 0 runs, 0 hits, 0 errors, 1 left on base; Everett 0 - Connecticut 7 |
BOTTOM OF THE 7TH |
Connecticut Tigers batting - Pitching for Everett AquaSox : RHP Jim Tremel
|
Now at 3B: Richie Schraven
|
|
Pinch Hitting: SHB Ryohei Nakano
|
0-0: Ball 1-0: Ball 2-0: Called Strike 2-1: Swinging Strike 2-2: Strikes out swinging
|
Batting: LHB Antonio Luis
|
0-0: Ball 1-0: Called Strike 1-1: Foul Ball, location: 2F 1-2: SINGLE (Groundball, 4MD, EV 104.4 MPH)
|
Pitching: RHP Jamie Johnston
|
|
Pinch Hitting: LHB Zach Rose
|
0-0: Foul Ball, location: 2F 0-1: Ball 1-1: Ball 2-1: Swinging Strike 2-2: Ball 3-2: Foul Ball, location: 2F 3-2: Strikes out swinging
|
Batting: LHB Tokugoro Adachi
|
0-0: Foul Ball, location: 2F 0-1: Swinging Strike 0-2: Ball 1-2: Strikes out looking
|
Bottom of the 7th over - 0 runs, 1 hit, 0 errors, 1 left on base; Everett 0 - Connecticut 7 |
TOP OF THE 8TH |
Everett AquaSox batting - Pitching for Connecticut Tigers : RHP Andy Strange
|
Now at 2B: Ryohei Nakano
|
|
Now at 3B: Zach Rose
|
|
Batting: RHB Omar Solis
|
0-0: Called Strike 0-1: Ball 1-1: Ball 2-1: Ball 3-1: Base on Balls
|
Batting: RHB James Bickel
|
0-0: Swinging Strike 0-1: Foul Ball, location: 2F 0-2: Strikes out swinging
|
Batting: SHB Tony Morales
|
0-0: Ball 1-0: Called Strike 1-1: Fly out, F9 (Flyball, 9LD, EV 111.2 MPH)
|
Batting: LHB Ryan Daniels
|
0-0: Swinging Strike 0-1: Swinging Strike 0-2: Strikes out swinging
|
Top of the 8th over - 0 runs, 0 hits, 0 errors, 1 left on base; Everett 0 - Connecticut 7 |
BOTTOM OF THE 8TH |
Connecticut Tigers batting - Pitching for Everett AquaSox : RHP Jamie Johnston
|
Pinch Hitting: RHB Juan Perez
|
0-0: Called Strike 0-1: Foul Ball, location: 2F 0-2: Strikes out looking
|
Batting: RHB Janne Vihko
|
0-0: Called Strike 0-1: Foul Ball, location: 2F 0-2: Foul Ball, location: 2F 0-2: Ball 1-2: Ball 2-2: Ball 3-2: Ground out 5-3 (Groundball, 5, EV 87.5 MPH)
|
Pinch Hitting: RHB Gabe Higley
|
0-0: Ball 1-0: Called Strike 1-1: Swinging Strike 1-2: Strikes out swinging
|
Bottom of the 8th over - 0 runs, 0 hits, 0 errors, 0 left on base; Everett 0 - Connecticut 7 |
TOP OF THE 9TH |
Everett AquaSox batting - Pitching for Connecticut Tigers : RHP Andy Strange
|
Now at 2B: Gabe Higley
|
|
Now at SS: Ryohei Nakano
|
|
Now in LF: Billy Verdusco
|
|
Batting: LHB Chris Jackson
|
0-0: Ball 1-0: Foul Ball, location: 2F 1-1: Ground out 4-3 (Groundball, 34, EV 96.2 MPH)
|
Pinch Hitting: SHB George Marshall
|
0-0: Called Strike 0-1: Ball 1-1: Ball 2-1: Ball 3-1: Foul Ball, location: 2F 3-2: Strikes out looking
|
Batting: RHB Heihachiro Fujita
|
0-0: Foul Ball, location: 2F 0-1: Ball 1-1: Ball 2-1: Swinging Strike 2-2: Strikes out swinging
|
Top of the 9th over - 0 runs, 0 hits, 0 errors, 0 left on base; Everett 0 - Connecticut 7 |
|